AoeStats
← z3zaito

Arabia

508096276Analyzed
2v2 RM · 11d ago on Sep 20, 2026· 66m 13s· 4 players
Game mode
Random Map
Map size
Medium (4 player)
Population
200
Speed
Normal
Resources
Standard
Victory
Conquest
Starting age
Dark Age
Ending age
Imperial Age
RankedLock teamsTeams togetherTeam positionsShared explorationLock speedFull tech treeHidden civsTurbo modeCheats
Victory
Defeat
🇩🇪 Spanish · Germany
813
+14
🇪🇸 Bohemians · Spain
715
+17
🇨🇴 Romans · Colombia
765
-16
🇪🇸 Byzantines · Spain
747
-15
Egocutz
1:20 Loom
12:07 Feudal Age
12:51 Horse Collar
12:57 Double-Bit Axe
23:51 Castle Age
22:35 Stone Mining
22:38 Gold Mining
24:45 Fletching
24:58 Scale Mail Armor
25:09 Forging
27:10 Wheelbarrow
27:32 Pikeman
36:08 Hand Cart
38:10 Bow Saw
38:32 Heavy Plow
38:51 Hand Cart
38:36 Bodkin Arrow
41:32 Imperial Age
39:08 Squires
39:29 Elite Skirmisher
41:08 Ballistics
42:21 Scale Barding Armor
42:53 Iron Casting
42:26 Man-at-Arms
44:42 Chain Barding Armor
44:23 Bracer
45:17 Padded Archer Armor
47:43 Chemistry
46:41 Murder Holes
50:20 Husbandry
49:41 Light Cavalry
49:55 Halberdier
49:56 Long Swordsman
56:54 Gold Shaft Mining
56:57 Stone Shaft Mining
58:25 Capped Ram
63:31 Two-Man Saw
OnlyJuvid
4:40 Loom
12:01 Feudal Age
12:45 Double-Bit Axe
16:19 Man-at-Arms
17:57 Gold Mining
18:33 Town Watch
22:52 Castle Age
21:16 Forging
21:06 Scale Mail Armor
23:52 Chain Mail Armor
23:39 Long Swordsman
27:23 Squires
29:45 Iron Casting
33:09 Bow Saw
32:43 Horse Collar
33:10 Stone Mining
38:45 Fletching
38:55 Padded Archer Armor
38:29 Elite Skirmisher
40:11 Gold Shaft Mining
43:10 Imperial Age
41:10 Ballistics
40:54 Bodkin Arrow
41:16 Leather Archer Armor
46:16 Blast Furnace
47:26 Chemistry
48:05 Legionary
49:04 Siege Engineers
57:06 Conscription
57:36 Comitatenses
58:10 Ballistas
z3zaito
2:47 Loom
11:09 Feudal Age
11:45 Double-Bit Axe
11:42 Horse Collar
18:01 Wheelbarrow
20:05 Castle Age
21:11 Bloodlines
21:29 Scale Barding Armor
22:01 Heavy Plow
22:14 Bow Saw
22:46 Wheelbarrow
22:22 Husbandry
22:38 Forging
27:17 Iron Casting
34:31 Imperial Age
32:21 Hand Cart
32:00 Fletching
32:15 Town Watch
32:57 Ballistics
34:14 Gold Mining
35:32 Sanctity
36:20 Chemistry
36:10 Caravan
36:01 Pikeman
36:42 Squires
38:00 Blast Furnace
37:41 Conscription
39:16 Two-Man Saw
38:26 Scale Mail Armor
38:16 Halberdier
40:13 Chain Mail Armor
41:12 Light Cavalry
42:54 Plate Mail Armor
48:38 Chain Barding Armor
47:54 Cavalier
49:51 Murder Holes
49:33 Elite Skirmisher
50:55 Plate Barding Armor
50:19 Bodkin Arrow
53:15 Paladin
57:05 Plate Barding Armor
58:20 Bracer
andres.murillo3
6:56 Loom
10:43 Feudal Age
11:16 Double-Bit Axe
11:13 Man-at-Arms
12:46 Horse Collar
20:48 Castle Age
20:29 Loom
24:30 Husbandry
25:34 Wheelbarrow
24:44 Town Watch
25:20 Bow Saw
24:44 Long Swordsman
25:29 Heavy Plow
29:10 Chemistry
31:46 Forging
34:39 Iron Casting
34:05 Scale Mail Armor
38:58 Imperial Age
36:59 Pikeman
37:40 Squires
39:02 Hand Cart
38:34 Light Cavalry
40:55 Cavalier
42:30 Halberdier
47:31 Two-Man Saw
49:24 Blast Furnace
48:41 Chain Mail Armor
48:32 Scale Barding Armor
48:28 Padded Archer Armor
48:18 Fletching
51:32 Elite Skirmisher
53:27 Houfnice
54:38 Leather Archer Armor
54:19 Bodkin Arrow
54:45 Chain Barding Armor
54:56 Plate Mail Armor
57:44 Two-Handed Swordsman
Connection lost

Rejoining the realm…

Still unreachable

The connection could not be restored.

Session expired

The server has moved on; the page needs a fresh start.